 Dungeon Crawl Stone Soup version 0.29.0-10-g45618ea6d2 (webtiles) character file.

Game seed: 7332929589041315759

6115 Vorhees the Cleaver (level 10, -9/88 HPs)
             Began as a Minotaur Fighter on Sept 1, 2022.
             Was an Initiate of Gozag.
             Mangled by an orc warrior
             ... wielding a +0 war axe
              (27 damage)
             ... in a bailey.
             The game lasted 00:09:43 (7503 turns).

Vorhees the Cleaver (Minotaur Fighter)              Turns: 7503, Time: 00:09:43

Health: -9/88      AC: 14    Str: 36    XL:     10   Next: 58%
Magic:  9/9        EV:  7    Int:  5    God:    Gozag
Gold:   513        SH: 13    Dex:  9    Spells: 9/9 levels left

rFire   + . .      SeeInvis .   v - +0 broad axe
rCold   . . .      Faith    .   f - +0 tower shield
rNeg    . . .      Spirit   .   x - +1 plate armour of the Immovable Wonders {Regen+ Str+4}
rPois   .          Reflect  .   (helmet restricted)
rElec   +          Harm     .   (no cloak)
rCorr   +          Rampage  .   (no gloves)
Will    +....                   (no boots)
Stlth   ..........              (no amulet)
HPRegen 1.04/turn               a - ring "Goschiona" {rElec rF+ Will+ rCorr}
MPRegen 0.11/turn               t - +6 ring of strength

@: gold aura, invisible
A: horns 2, retaliatory headbutt
a: Renounce Religion, Potion Petition, Call Merchant, Bribe Branch


You were in a bailey.
You worshipped Gozag.
Gozag was pleased with you.
You visited 2 branches of the dungeon, and saw 9 of its levels.
You also visited: Bailey.

You collected 578 gold pieces.
You paid 65 gold pieces to Gozag.

Inventory:

Hand Weapons
 e - a +2 hand axe of freezing
 v - a +0 broad axe (weapon)
Missiles
 n - 5 boomerangs (quivered)
Armour
 f - a +0 tower shield (worn)
 x - the +1 plate armour of the Immovable Wonders (worn) {Regen+ Str+4}
   (You found it on level 6 of the Dungeon)

   Str:       It affects your strength (+4).
   Regen:     It increases your rate of health regeneration.
Jewellery
 a - the ring "Goschiona" (left hand) {rElec rF+ Will+ rCorr}
   (You acquired it in a bailey)

   [ring of resist corrosion]

   rF:        It protects you from fire.
   rElec:     It insulates you from electricity.
   rCorr:     It protects you from acid and corrosion.
   Will:      It increases your willpower.
 o - a +4 ring of evasion
 r - a ring of see invisible
 s - a +6 ring of strength
 t - a +6 ring of strength (right hand)
Wands
 u - a wand of acid (7)
 B - a wand of flame (16)
Scrolls
 d - 2 scrolls of summoning
 l - 4 scrolls of teleportation
 m - 2 scrolls of fog
 y - a scroll of identify
Potions
 g - 2 potions of mutation
 i - 2 potions of lignification
 j - 2 potions of resistance
 p - 2 potions of brilliance
 q - 3 potions of flight
 w - 2 potions of haste
 z - 5 potions of curing


   Skills:
 * Level 8.0 Fighting
 * Level 11.2 Axes
 + Level 6.0 Throwing
 + Level 8.4 Armour
 + Level 6.7 Dodging
 + Level 0.8 Stealth
 + Level 6.8 Shields
 + Level 5.4 Evocations


You had 9 spell levels left.
You didn't know any spells.
Your spell library contained the following spells:

 Spells                   Type           Power      Damage    Failure   Level
 Sandblast                Erth           0%         2d4       100%        1
 Shock                    Conj/Air       0%         1d3       100%        1
 Ensorcelled Hibernation  Hex/Ice        0%         N/A       100%        2
 Passwall                 Tmut/Erth      0%         N/A       100%        2
 Portal Projectile        Hex/Tloc       0%         N/A       100%        3
 Spider Form              Tmut/Pois      0%         N/A       100%        3
 Stone Arrow              Conj/Erth      0%         3d7       100%        3
 Swiftness                Air            0%         N/A       100%        3
 Tukima's Dance           Hex            0%         N/A       100%        3
 Airstrike                Air            0%         2d(0-16)  100%        4
 Anguish                  Hex/Necr       0%         N/A       100%        4
 Blade Hands              Tmut           0%         N/A       100%        5
 Haunt                    Necr/Summ      0%         N/A       100%        7
 Infestation              Necr           0%         N/A       100%        8
 Animate Dead             Necr           Unusable   N/A       N/A         4

Dungeon Overview and Level Annotations

Branches:
Dungeon (8/15)             Temple (1/1) D:7          Bailey (1/1)
   Lair: D:8-11

Altars:
Ashenzari
Cheibriados
Dithmenos
Elyvilon
Fedhas
Gozag
Hepliaklqana
Nemelex Xobeh
Okawaru
Qazlal
Ru
Sif Muna
Trog
Uskayaw
Vehumet
Wu Jian
Xom
Yredelemnul
Zin

Shops:
D:2 (   D:3 ?   D:6 (


Innate Abilities, Weirdness & Mutations

You have a pair of horns on your head.
You reflexively headbutt those who attack you in melee.


Message History

You fade into invisibility!
You block the orc warrior's attack.
The orc knight hits you with a +0 war axe.
Unknown command.
Unknown command.
You miss the electric eel.
You catch the helpless orc knight completely off-guard!
You slash the orc knight! You closely miss the orc warrior.
You block the orc warrior's attack.
Unknown command.
You slash the electric eel! Your headbutt misses the electric eel.
The electric eel is heavily wounded.
You hit the orc warrior but do no damage.
The orc warrior hits you with a +0 war axe!
You block the orc warrior's attack.
You catch the helpless electric eel completely off-guard!
You slash the electric eel!
The electric eel is almost dead.
You hit the orc warrior. You slash the orc knight!
You block the orc warrior's attack. The orc knight barely misses you.
Unknown command.
You barely miss the electric eel.
The electric eel is almost dead.
You hit the orc knight but do no damage.
You closely miss the orc warrior.
The orc warrior hits you with a +0 war axe!
The orc knight hits you with a +0 war axe!
* * * LOW HITPOINT WARNING * * *
You catch the helpless electric eel completely off-guard!
You slash the electric eel!
You kill the electric eel!
You hear a splash.
You hit the orc knight. You closely miss the orc warrior.
The orc knight hits you but does no damage.
You block the orc warrior's attack. The orc knight barely misses you.
You furiously retaliate!
You headbutt the orc knight, but do no damage.
The orc warrior hits you with a +0 war axe!!
You die...
Your body crumbles into a pile of gold.

# #'##.~≈≈≈≈≈≈≈ #
#..#.~≈≈≈≈≈≈≈ #
#8)#.~≈≈≈≈≈≈≈ #
#))#.~≈≈≈≈≈≈ ####
####8)#.~≈≈≈≈≈≈
...#######.....#.§§≈≈≈≈≈
...#.....#.)[8.#§§§§§≈≈≈
...#.....#)[...#§§§≈§≈≈≈
#..#..⌠..#..####@#≈≈≈≈≈≈
#..).....'..#..oo#≈≈≈≈≈≈
#..).....'..#..§o#≈≈≈≈≈≈
#####'''#####..###≈≈≈≈≈≈
#...........#.. $ ≈≈≈≈≈
#~~~~...~~~~### ≈≈≈≈
≈≈≈≈≈)).≈≈≈≈≈≈
≈≈≈≈≈.).≈≈≈≈≈≈
≈≈≈≈≈.".≈≈≈≈≈≈


You could see an orc knight (unable to see you), an orc warrior (strong, unable
to see you) and an orc (strong, unable to see you).

Vanquished Creatures
  An orc sorcerer (Bailey)
  Prince Ribbit (D:6)
  Menkaure (D:6)
  Edmund (D:5)
  4 water moccasins
  An ice beast (D:7)
  A black bear (D:6)
  10 orc warriors
  An ogre (D:7)
  2 kobold brigands (D:7)
  A bullfrog (D:7)
  A necrophage (D:4)
  3 scorpions
  3 electric eels (Bailey)
  6 hounds
  3 jellies
  An orc priest (D:6)
  2 gnoll boudas
  2 iguanas
  5 orc wizards
  2 adders
  13 gnolls
  2 shadow imps
  2 white imps (D:6)
  2 worms (D:2)
  27 orcs
  A ball python (D:1)
  7 bats
  5 endoplasms
  5 giant cockroaches
  15 goblins
  13 hobgoblins
  6 jackals
  3 quokkas (D:4)
  6 frilled lizards
  17 kobolds
  4 rats
180 creatures vanquished.

Notes
Turn   | Place    | Note
-------+----------+-------------------------------------------
     0 | D:1      | Vorhees the Minotaur Fighter began the quest for the Orb.
     0 | D:1      | Reached XP level 1. HP: 19/19 MP: 0/0
   119 | D:1      | Reached XP level 2. HP: 23/27 MP: 1/1
   641 | D:1      | Reached skill level 3 in Axes
   874 | D:2      | Found a faded altar of an unknown god.
   915 | D:2      | Reached XP level 3. HP: 33/33 MP: 2/2
  1069 | D:2      | Found Silavoxat's Weapon Emporium.
  2012 | D:3      | Found Launkofid's Magic Scroll Shoppe.
  2239 | D:3      | Reached XP level 4. HP: 40/41 MP: 3/3
  2289 | D:3      | Reached skill level 4 in Axes
  2459 | D:3      | Reached XP level 5. HP: 44/47 MP: 4/4
  2636 | D:4      | Reached skill level 5 in Axes
  2655 | D:4      | Found a sacrificial altar of Ru.
  3253 | D:5      | Entered Level 5 of the Dungeon
  3253 | D:5      | Noticed Edmund
  3257 | D:5      | Reached XP level 6. HP: 55/55 MP: 5/5
  3261 | D:5      | Killed Edmund
  3262 | D:5      | Reached skill level 5 in Fighting
  3262 | D:5      | Reached skill level 6 in Axes
  3262 | D:5      | Reached skill level 1 in Dodging
  3408 | D:5      | Reached XP level 7. HP: 19/62 MP: 6/6
  3759 | D:5      | Reached skill level 7 in Axes
  4335 | D:6      | Reached skill level 5 in Armour
  4335 | D:6      | Reached skill level 5 in Shields
  4556 | D:6      | Identified the +1 plate armour of the Immovable Wonders
                  | {Regen+ Str+4}
  4706 | D:6      | Noticed Menkaure
  4710 | D:6      | Killed Menkaure
  4711 | D:6      | Reached skill level 8 in Axes
  4711 | D:6      | Reached XP level 8. HP: 41/71 MP: 7/7
  4745 | D:6      | Found Wijuar Ulle's Weapon Shoppe.
  5101 | D:6      | Noticed Prince Ribbit
  5111 | D:6      | Killed Prince Ribbit
  5202 | D:6      | Reached skill level 9 in Axes
  5978 | D:7      | Reached skill level 10 in Axes
  5978 | D:7      | Reached XP level 9. HP: 79/79 MP: 8/8
  6069 | D:7      | Found a staircase to the Ecumenical Temple.
  6076 | Temple   | Entered the Ecumenical Temple
  6242 | Temple   | Became a worshipper of Gozag Ym Sagoz the Greedy
  6418 | D:7      | Found an iron altar of Okawaru.
  6522 | D:7      | Identified the +1 ring mail of the Quiescent God {rPois rC+
                  | Int+4}
  6596 | D:7      | Found a sparkling altar of Nemelex Xobeh.
  6602 | D:7      | Reached skill level 5 in Throwing
  6602 | D:7      | Reached skill level 5 in Evocations
  6602 | D:7      | Reached XP level 10. HP: 88/88 MP: 9/9
  6708 | D:8      | Found a flagged portal.
  6736 | Bailey   | Entered a bailey
  6850 | Bailey   | Noticed an orc sorcerer
  6859 | Bailey   | Killed an orc sorcerer
  6860 | Bailey   | Reached skill level 11 in Axes
  7361 | Bailey   | Acquired the ring "Goschiona" {rElec rF+ Will+ rCorr}
  7490 | Bailey   | Noticed an orc knight
  7503 | Bailey   | Mangled by an orc warrior

Illustrated notes

Levels and vault maps discovered:
D:1:      erik_arrival_blinker_ship, layout_basic, nicolae_figureground_pulse
D:2:      layout_basic, basic_ecumenical_altar, serial_shops,
          nicolae_shop_statue_plus
D:3:      layout_loops_cross, serial_shops, shop, minmay_liquid_box,
          grunt_decor_mini_mirrors, grunt_ministairs_13
D:4:      layout_rooms, nicolae_ru_path_of_blood, lemuel_another_geyser
D:5:      layout_cave_pools, roderic_three_in_a_row, uniq_edmund
D:6:      layout_layer_cave, serial_shops, shop, minivault_27, uniq_menkaure,
          uniq_prince_ribbit1
D:7:      layout_basic, nemelex_diamond_rough_becter,
          nicolae_overflow_crystal_walls, minmay_temple_entry_wispy
D:8:      layout_rooms, erik_lair_orcish_takeover, enter_bailey_3
Temple:   eino_temple_rhombus
Bailey:   bailey_axe_of_yendor_kennysheep, bailey

Skill      XL: |  1  2  3  4  5  6  7  8  9 10 |
---------------+-------------------------------+-----
Fighting       | 4 5 6 7 8 |  8.0
Armour         | 4 5 6 8 |  8.4
Axes           | 3 4 5 6 8 10 11 | 11.2
Shields        | 4 5 6 |  6.8
Dodging        | 1 6 |  6.7
Throwing       | 5 6 |  6.0
Evocations     | 5 |  5.4
Stealth        | |  0.8

Action                   |  1- 3 |  4- 6 |  7- 9 | 10-12 || total
-------------------------+-------+-------+-------+-------++-------
Melee: War axe           |   103 |    89 |   151 |    98 ||   441
       Headbutt          |     9 |     9 |    18 |    17 ||    53
       Broad axe         |       |       |       |    33 ||    33
Throw: Boomerang         |       |       |       |     3 ||     3
  Use: Scroll            |     4 |     7 |    10 |     2 ||    23
       Potion            |       |     4 |     1 |     4 ||     9
 Stab: Invisible         |       |       |       |     3 ||     3
       Distracted        |       |       |       |     1 ||     1
Armor: Scale mail        |    59 |    40 |    10 |       ||   109
       Skin              |       |     6 |       |       ||     6
       Plate armour      |       |       |    34 |    45 ||    79
Dodge: Dodged            |    42 |    34 |    58 |    36 ||   170
Block: Buckler           |    19 |       |       |       ||    19
       Tower shield      |    22 |    71 |   101 |    68 ||   262
